 Dungeon Crawl Stone Soup version 0.29.1-13-g9f3cf754e1 (webtiles) character file.

Game seed: 3892969249358112083

957 hawla the Chiller (level 8, -4/61 HPs)
             Began as a Meteoran Ice Elementalist on Jan 21, 2023.
             Slain by a killer bee (5 damage)
             ... on level 5 of the Dungeon on Jan 22, 2023.
             The game lasted 00:11:09 (1478 turns).

hawla the Chiller (Meteoran Ice Elementalist)       Turns: 1478, Time: 00:11:10

Health: -4/61      AC: -6    Str: 10    XL:     8   Next: 63%
Magic:  0/17       EV: 13    Int: 19    God:
Gold:   216        SH:  0    Dex: 14    Spells: 5/17 levels left

rFire   + . .      SeeInvis .   i - staff of fire
rCold   . . .      Faith    .   (no shield)
rNeg    . . .      Spirit   .   a - +0 robe
rPois   .          Reflect  .   (no helmet)
rElec   .          Harm     .   (no cloak)
rCorr   .          Rampage  .   (no gloves)
Will    +....                   (no boots)
Stlth   +.........              (no amulet)
HPRegen 0.20/turn               (no ring)
MPRegen 0.15/turn               (no ring)

@: lethally poisoned (-4 -> -9), corroded, glowing
A: sense surroundings 1, otherworldly, glowing, explore regen
a: no special abilities


You were on level 5 of the Dungeon.
You visited 1 branch of the dungeon, and saw 5 of its levels.
You also visited: Ossuary.

You collected 216 gold pieces.

Inventory:

Armour
 a - a +0 robe (worn)
Magical Staves
 i - a staff of fire (weapon)
Scrolls
 b - a scroll of enchant armour {unknown}
 e - a scroll of butterflies {unknown}
 g - a scroll of blinking {unknown}
 j - a scroll of identify
Potions
 c - a potion of might
 f - a potion of flight


   Skills:
 + Level 1.9 Fighting
 + Level 0.7 Staves
 + Level 3.6 Dodging
 + Level 1.4 Stealth
 + Level 5.3 Spellcasting
 + Level 5.4 Conjurations
 + Level 5.4 Fire Magic
 + Level 5.8 Ice Magic


You had 5 spell levels left.
You knew the following spells:

 Your Spells              Type           Power      Damage    Failure   Level
a - Freeze                Ice            100%       1d11      1%          1
b - Frozen Ramparts       Ice            54%        1d9       3%          3
c - Hailstorm             Conj/Ice       26%        3d7       12%         4
d - Sticky Flame          Conj/Fire      38%        2d6       13%         4

Your spell library contained the following spells:

 Spells                   Type           Power      Damage    Failure   Level
 Conjure Flame            Conj/Fire      38%        6-21      3%          3
 Ozocubu's Armour         Ice            27%        N/A       3%          3
 Ignite Poison            Fire/Tmut/Pois 17%        N/A       17%         3
 Blink                    Tloc           10%        N/A       19%         2
 Lesser Beckoning         Tloc           5%         N/A       34%         3
 Manifold Assault         Tloc           5%         N/A       97%         5


Dungeon Overview and Level Annotations

Branches:
Dungeon (5/15) Zot: 1763  Ossuary (visited)
 Temple: D:4-7

Altars:


Innate Abilities, Weirdness & Mutations

You passively map a small area around you.
You are easily found by Zot.
You glow in the dark.
You regain HP and MP as you explore.


Message History

You are poisoned.
The killer bee poisons you!
Your necrophage hits the killer bee!
The killer bee dies!
You feel better. The killer bee stings you. Something stings your adder.
The killer bee closely misses you.
You miss the killer bee.
The killer bee is almost dead.
The killer bee stings you!
* * * LOW HITPOINT WARNING * * *
Something stings your adder.
Your adder is poisoned.
Something poisons your adder! Something misses your necrophage.
Your adder misses the killer bee. Something closely misses your adder.
Something closely misses your necrophage.
The killer bee stings you.
* * * LOW HITPOINT WARNING * * *
Your necrophage hits the killer bee.
Your necrophage drains the killer bee.
The killer bee dies!
An ice beast comes into view.
The killer bee stings you!
* * * LOW HITPOINT WARNING * * *
You are lethally poisoned!
The killer bee poisons you!
Unknown command.
Okay, then.
Casting: Freeze (safe; 1% risk of failure)
Confirm with . or Enter, or press ? or * to list all spells.
Aiming: Freeze (safe; 1% risk of failure)
Press: ? - help, Shift-Dir - straight line, f - killer bee
Aim: a killer bee (lightly wounded)
You freeze the killer bee.
The killer bee is moderately wounded.
* * * LOW HITPOINT WARNING * * *
You feel sick. The killer bee closely misses you.
The killer bee barely misses you. The killer bee stings you.
* * * LOW HITPOINT WARNING * * *
Your necrophage hits the killer bee.
* * * LOW HITPOINT WARNING * * *
You feel sick. The killer bee stings you.
You die...

* #...#.##......# ... ... ,
#.....# #.....## * #.####..
#.#...####.....#####.##.... ,
...............#........##.
,........###.......###.##.##.
... .. #Y. #...........##..#.
.., #.##......#..........
...##.........####.#..#.. *
#...#.y@..##.# #.......
###....y####.# ##.[.##. *
#.#n#......# ##...###. ** *
#..).####..# ......... *
##...)S# * # .#....... ,
##.....# * #....... ,
.......# #.....>. #.........
......... , #..........
.#.......


You could see an ice beast, 2 killer bees and a friendly necrophage (summoned).

Vanquished Creatures
  Menkaure (D:4)
  An ogre (D:5)
  2 necrophages
  A scorpion (D:4)
  A killer bee (D:5)
  A howler monkey (D:5)
  3 hounds
  3 jellies
  3 iguanas
  3 mummies (Ossuary)
  4 adders
  A white imp (D:5)
  A worm (D:2)
  2 dart slugs
  5 orcs
  7 endoplasms
  A goblin (D:2)
  3 hobgoblins
  A quokka (D:5)
  3 ball pythons
  2 bats (D:2)
  A frilled lizard (D:2)
  3 gnoll zombies (Ossuary)
  A goblin zombie (Ossuary)
  2 hobgoblin zombies (Ossuary)
  3 kobolds
  2 rats
61 creatures vanquished.

Vanquished Creatures (collateral kills)
  2 killer bees (D:5)
  A centaur zombie (Ossuary)
  An orc zombie (Ossuary)
4 creatures vanquished.

Grand Total: 65 creatures vanquished

Notes
Turn   | Place    | Note
-------+----------+-------------------------------------------
     0 | D:1      | hawla the Meteoran Ice Elementalist began the quest for the
                  | Orb.
     0 | D:1      | Reached XP level 1. HP: 14/14 MP: 5/5
    50 | D:2      | Reached XP level 2. HP: 17/20 MP: 3/6
   230 | D:2      | Reached skill level 5 in Ice Magic
   230 | D:2      | Reached XP level 3. HP: 12/26 MP: 3/9
   273 | D:3      | Reached XP level 4. HP: 32/33 MP: 8/10
   280 | D:3      | Learned a level 3 spell: Frozen Ramparts
   449 | D:4      | Learned a level 4 spell: Hailstorm
   451 | D:4      | Noticed a necrophage
   461 | D:4      | Reached skill level 1 in Conjurations
   461 | D:4      | Reached XP level 5. HP: 16/38 MP: 5/12
   467 | D:4      | Killed a necrophage
   538 | D:4      | Reached XP level 6. HP: 37/45 MP: 7/13
   727 | D:4      | Found a sand-covered staircase.
   735 | Ossuary  | Entered an ossuary
   807 | Ossuary  | Learned a level 4 spell: Sticky Flame
   855 | Ossuary  | Reached skill level 1 in Fighting
  1072 | D:4      | Noticed Menkaure
  1086 | D:4      | Killed Menkaure
  1087 | D:4      | Reached skill level 5 in Conjurations
  1087 | D:4      | Reached XP level 7. HP: 29/53 MP: 0/14
  1153 | D:4      | Reached skill level 1 in Fire Magic
  1311 | D:5      | Entered Level 5 of the Dungeon
  1357 | D:5      | Reached XP level 8. HP: 60/60 MP: 3/15
  1446 | D:5      | Reached skill level 5 in Fire Magic
  1469 | D:5      | Reached skill level 5 in Spellcasting
  1477 | D:5      | HP: 3/61 [poisoned by a killer bee]
  1478 | D:5      | HP: 1/61 [poisoned by a killer bee]
  1478 | D:5      | Slain by a killer bee

Illustrated notes

Levels and vault maps discovered:
D:1:      amcnicky_arrival_blooded_trapdoor, layout_basic
D:2:      layout_rooms, minmay_distorted
D:3:      layout_basic, mainiacjoe_overflow_large_starburst,
          hellmonk_ecumenical_altar_dog_temple, kennysheep_generic_room_5
D:4:      layout_rooms, nicolae_ossuary_entry_false_entrances, uniq_menkaure
D:5:      layout_rooms, amethyst_killhole

Skill      XL: |  1  2  3  4  5  6  7  8 |
---------------+-------------------------+-----
Spellcasting   | 3 4 5 |  5.3
Ice Magic      | 5 |  5.8
Conjurations   | 1 4 5 |  5.4
Fighting       | 1 |  1.9
Dodging        | 3 |  3.6
Fire Magic     | 4 5 |  5.4
Staves         | |  0.7
Stealth        | |  1.4

Action                   |  1- 3 |  4- 6 |  7- 9 || total
-------------------------+-------+-------+-------++-------
Melee: Unarmed           |     1 |    73 |     3 ||    77
       Punch             |       |     2 |       ||     2
       Staff             |       |       |     2 ||     2
 Cast: Freeze            |    22 |    28 |    22 ||    72
       Frozen Ramparts   |       |     8 |     6 ||    14
       Hailstorm         |       |     3 |     3 ||     6
       Sticky Flame      |       |     2 |     7 ||     9
  Use: Potion            |     1 |     5 |     2 ||     8
       Scroll            |     3 |     2 |     1 ||     6
 Stab: Sleeping          |     1 |       |       ||     1
Armor: Robe              |     7 |    10 |     2 ||    19
       Skin              |       |     5 |       ||     5
Dodge: Dodged            |    13 |    39 |    27 ||    79
